 Dungeon Crawl Stone Soup version 0.27-a0-906-g0a00ce863d (webtiles) character file.

Game seed: 9035439631969565845

2 wakim the Insei (level 1, -1/13 HPs)
             Began as an Octopode Transmuter on Apr 7, 2021.
             Killed by Freeze
             ... generated by an endoplasm
              (5 damage)
             ... on level 1 of the Dungeon.
             The game lasted 00:00:25 (95 turns).

wakim the Insei (Octopode Transmuter)                 Turns: 95, Time: 00:00:26

Health: -1/13      AC:  1    Str:  9    XL:     1   Next: 40%
Magic:  2/3        EV: 13    Int: 15    God:
Gold:   0          SH:  0    Dex: 12    Spells: 3/4 levels left

rFire    . . .     SeeInvis .     - Unarmed
rCold    . . .     Faith    .   (no shield)
rNeg     . . .     Spirit   .   (helmet currently unavailable)
rPois    .         Reflect  .   (no amulet)
rElec    .         Harm     .   (no ring)
rCorr    .         Rampage  .   (no ring)
Will     .....                  (no ring)
Stlth    ++........             (no ring)
HPRegen  0.04/turn              (no ring)
MPRegen  0.08/turn              (no ring)
                                (no ring)
                                (no ring)

@: appendages
A: tentacle spike 3, almost no armour, amphibious, 8 rings, camouflage 1,
gelatinous body 1, (nimble swimmer 1), tentacles
a: End Transformation


You were on level 1 of the Dungeon.
One of your tentacles had grown a beastly spike.
You visited 1 branch of the dungeon, and saw 1 of its levels.

Inventory:

Scrolls
 a - a scroll of blinking {unknown}


   Skills:
 - Level 1.0 Fighting
 + Level 2.0 Dodging
 * Level 0.6 Stealth
 * Level 3.0 Unarmed Combat
 - Level 2.0 Spellcasting
 - Level 2.0 Transmutations


You had 3 spell levels left.
You knew the following spells:

 Your Spells              Type           Power      Damage    Failure   Level
a - Beastly Appendage     Tmut           14%        N/A       10%         1

Your spell library contained the following spells:

 Spells                   Type           Power      Damage    Failure   Level
 Wereblood                Tmut           7%         N/A       14%         2
 Spider Form              Tmut/Pois      2%         N/A       41%         3
 Ice Form                 Ice/Tmut       4%         N/A       82%         4
 Hydra Form               Tmut           3%         N/A       95%         5


Dungeon Overview and Level Annotations

Branches:
Dungeon (1/15)

Altars:


Innate Abilities, Weirdness & Mutations

One of your tentacles has grown a beastly spike.
You cannot wear most types of armour.
You are amphibious.
You can wear up to eight rings at the same time.
Your skin changes colour to match your surroundings (Stealth+).
Your rubbery body absorbs attacks. (AC +1, EV +1)
((You are camouflaged near water. (Stealth+)))
You have tentacles for arms and can constrict up to eight enemies at once.


Message History

The ball python is severely wounded.
You constrict the ball python.
You kill the ball python!
You closely miss the ball python. Your grab misses the ball python.
You pierce the ball python.
You kill the ball python!
Your transformation is almost over.
Magic restored.
Your tentacle spike disappears.
An endoplasm comes into view.
An endoplasm is nearby!
An endoplasm comes into view.
You see here a scroll labelled WETOOTW NENTUD.
a - a scroll labelled WETOOTW NENTUD The endoplasm quivers.
The endoplasm closely misses you.
You tentacle-slap the endoplasm.
The endoplasm is lightly wounded.
The endoplasm closely misses you.
You tentacle-slap the endoplasm. You squeeze the endoplasm.
The endoplasm is heavily wounded.
The endoplasm hits you.
You tentacle-slap the endoplasm.
You squeeze the endoplasm, but do no damage.
The endoplasm is almost dead.
You barely miss the endoplasm.
The endoplasm is almost dead.
The endoplasm freezes you.
You are frozen.
You tentacle-slap the endoplasm.
You kill the endoplasm!
The endoplasm freezes you.
You are frozen.
* * * LOW HITPOINT WARNING * * *
Casting: Beastly Appendage (safe; 10% risk of failure)
Confirm with . or Enter, or press ? or * to list all spells.
One of your tentacles grows a vicious spike.
The endoplasm freezes you.
You are frozen.
You die...

#......# .......#
#.....##### .......#
#.......... .......#
#..........
.......#######........
#....................
#..................#
#.[................#
#..............J@#
#######..........#
#..........#
#..........#
#..........#
#..........#
#..........#
#..........#
#..........#


You could see an endoplasm.

Vanquished Creatures
  An endoplasm (D:1)
  2 ball pythons (D:1)
3 creatures vanquished.

Notes
Turn   | Place    | Note
-------+----------+-------------------------------------------
     0 | D:1      | wakim the Octopode Transmuter began the quest for the Orb.
     0 | D:1      | Reached XP level 1. HP: 13/13 MP: 3/3
    95 | D:1      | Killed from afar by an endoplasm

Illustrated notes

Levels and vault maps discovered:
D:1:      nagdon_arrival_double_spiral, layout_basic, basic_ecumenical_altar

Action                   || total
-------------------------++-------
Melee: Unarmed           ||     8
       Tentacles         ||     2
       Constrict         ||     1
       Kick              ||     1
 Cast: Beastly Appendage ||     2
Dodge: Dodged            ||     4

Table legend: (Time is in decaauts)
 A = Elapsed time spent in this place.
 B = Non-inter-level travel time spent in this place.
 C = Inter-level travel time spent in this place.
 D = Time resting spent in this place.
 E = Time spent auto-exploring this place.
 F = Levels seen in this place.
 G = Mean time per level.
                   A        B        C        D        E       F      G
               +--------+--------+--------+--------+--------+-----+--------+
         Total |     94 |     94 |      0 |      0 |     74 |   1 |   94.0 |
       Dungeon |     94 |     94 |      0 |      0 |     74 |   1 |   94.0 |
               +--------+--------+--------+--------+--------+-----+--------+

Top non-repeatable levels by time:
     D:1: 94 daAuts
